 Dungeon Crawl Stone Soup version 0.31-a0-523-g071a6c1ffa (webtiles) character file.

Game seed: 252238408421797625

308 Shayle the Ruffian (level 6, -1/55 HPs)
             Began as an Ogre Shapeshifter on Aug 11, 2023.
             Slain by an orc wizard
             ... wielding a +0 dagger
              (4 damage)
             ... on level 4 of the Dungeon.
             The game lasted 00:11:38 (3883 turns).

Shayle the Ruffian (Ogre Shapeshifter)              Turns: 3883, Time: 00:11:39

Health: -1/55      AC:  3    Str: 20    XL:     6   Next: 40%
Magic:  12/12      EV:  9    Int: 11    God:
Gold:   185        SH:  0    Dex:  9    Spells: 14/14 levels left

rFire   . .          .
                       - Unarmed
rCold   . . .        (no shield)
rNeg    . . .        a - +0 animal skin
rPois   .            (helmet currently unavailable)
rElec   .            (cloak currently unavailable)
rCorr   .            (gloves unavailable)
SInv    .            (boots unavailable)
Will    .....        f - amulet of the acrobat
Stlth   +            (no ring)
HPRegen 0.29/turn    (no ring)
MPRegen 0.13/turn

%: acrobat
@: beast-form, invisible
A: beast (slay +2), large, unfitting armour, tough skin 1
a: Begin Untransformation


You were on level 4 of the Dungeon.
You were a hulking beast.
You visited 1 branch of the dungeon, and saw 4 of its levels.

You collected 185 gold pieces.

Inventory:

Armour
 a - a +0 animal skin (worn)
Jewellery
 e - a ring of ice
 f - an amulet of the acrobat (around neck)
 o - a +5 ring of evasion
Talismans
 c - a beast talisman (active)
 d - a flux talisman
Scrolls
 b - a scroll of blinking {unknown}
 g - a scroll of vulnerability {unknown}
 h - a scroll of amnesia {unknown}
 k - 3 scrolls of identify {unknown}
 m - a scroll of torment {unknown}
 n - a scroll of silence {unknown}
 p - 2 scrolls of teleportation {unknown}
Potions
 j - a potion of magic
 l - a potion of curing {unknown}


   Skills:
 - Level 1.3 Fighting
 - Level 1.7 Dodging
 + Level 4.9 Unarmed Combat
 + Level 4.6 Spellcasting
 - Level 3.0 Shapeshifting


You had 14 spell levels left.
You didn't know any spells.
Your spell library contained the following spells:

 Spells                   Type           Power      Damage    Failure   Level
 Slow                     Hex            8%         N/A       22%         1
 Confusing Touch          Hex            2%         N/A       56%         3
 Vampiric Draining        Necr           2%         2d6       56%         3


Dungeon Overview and Level Annotations

Branches:
Dungeon (4/15)
 Temple: D:4-7

Altars:
Gozag

Shops:
D:2 =:


Innate Abilities, Weirdness & Mutations

You are a hulking beast.
Your limbs bulge with bestial killing power. (Slay +2)
You are too large for most types of armour.
You have tough skin. (AC +1)


Message History

The orc priest hits you with a +0 falchion.
The ball python barely misses you.
You hit the orc priest.
The orc priest is severely wounded.
The ball python bites you but does no damage.
Something hits you but does no damage.
The orc priest invokes the aid of Beogh against you.
Pain shoots through your body! The orc closely misses you.
The ball python bites you.
You barely miss the orc priest.
The orc priest is severely wounded.
The ball python bites you but does no damage.
The ball python barely misses you. The orc hits you with a +0 whip.
The orc priest mumbles some strange prayers to Beogh against you.
Pain shoots through your body!
* * * LOW HITPOINT WARNING * * *
Something hits you.
* * * LOW HITPOINT WARNING * * *
You punch the orc priest!
You kill the orc priest!
The ball python bites you.
* * * LOW HITPOINT WARNING * * *
The ball python barely misses you. Something hits you.
* * * LOW HITPOINT WARNING * * *
The orc hits you but does no damage.
You barely miss the orc. The ball python barely misses you. x2
Something hits you.
* * * LOW HITPOINT WARNING * * *
The orc hits you with a +0 whip.
* * * LOW HITPOINT WARNING * * *
Unknown command.
It was a potion of magic.
Magic courses through your body.
The ball python bites you but does no damage.
The ball python barely misses you. The orc barely misses you.
Something hits you.
* * * LOW HITPOINT WARNING * * *
It was a potion of invisibility.
You fade into invisibility!
The ball python barely misses you. x2; Something hits you.
You die...

.. ##.#
#...###
###..#....
#......≈≈≈
##.#..≈≈≈≈≈
#..S{≈≈≈#
#.#h≈≈≈≈#
##≈≈.#.
#.o)S≈≈≈#
##≈≈≈...
#..≈≈≈≈≈#
##≈≈≈≈≈..
#..######.
≈≈≈≈≈≈≈..
#......S..
≈≈≈≈≈≈..
##.######.
≈≈≈≈≈≈..
#.≈≈≈≈≈#.##
#≈≈≈..
#..≈≈≈≈#....
#≈≈...
##.≈≈≈≈#
..##≈≈...


You could see an orc (unable to see you) and 2 ball pythons.

Vanquished Creatures
  A black bear (D:3)
  A scorpion (D:3)
  An orc priest (D:4)
  Robin (D:2)
  2 gnolls
  3 adders (D:2)
  3 worms
  6 orcs (D:3)
  4 endoplasms
  A giant cockroach (D:1)
  10 goblins
  3 hobgoblins
  5 jackals
  3 quokkas
  2 ball pythons
  4 bats
  2 frilled lizards
  5 kobolds
  3 rats
60 creatures vanquished.

Notes
Turn   | Place    | Note
-------+----------+-------------------------------------------
     0 | D:1      | Shayle the Ogre Shapeshifter began the quest for the Orb.
     0 | D:1      | Reached XP level 1. HP: 19/19 MP: 1/1
   410 | D:1      | Reached skill level 1 in Spellcasting
   410 | D:1      | Reached XP level 2. HP: 21/27 MP: 3/3
   921 | D:2      | Found a faded altar of an unknown god.
   973 | D:2      | Reached XP level 3. HP: 33/33 MP: 4/6
  1123 | D:2      | Noticed Robin
  1537 | D:2      | Reached XP level 4. HP: 40/41 MP: 7/7
  1652 | D:2      | Killed Robin
  1848 | D:2      | Found Gehad's Book Shoppe.
  1852 | D:2      | Found Ulamung's One-of-a-Kind Rings.
  2601 | D:3      | Found an opulent altar of Gozag.
  3225 | D:4      | Noticed a black bear
  3279 | D:3      | HP: 2/41 [black bear (4)]
  3281 | D:3      | Killed a black bear
  3282 | D:3      | Reached XP level 5. HP: 4/48 MP: 8/10
  3479 | D:3      | Reached XP level 6. HP: 17/55 MP: 10/12
  3882 | D:4      | HP: 2/55 [something (3)]
  3883 | D:4      | Slain by an orc wizard

Illustrated notes

Levels and vault maps discovered:
D:1:      dpeg_arrival_tiny_j, layout_loops_corners
D:2:      layout_basic, serial_shops, shop,
          shapermc_ecumenical_altar_starsandcircs, nicolae_shop_unique_rings,
          uniq_robin
D:3:      layout_loops_corners, grunt_gozag_statues, kennysheep_pointless_box
D:4:      layout_rooms, slow_altar_2, nicolae_zen_rock_garden,
          grunt_decor_junction

Skill      XL: |  1  2  3  4  5 |
---------------+----------------+-----
Spellcasting   | 1 2 3 4 |  4.6
Unarmed Combat | 3 4 |  4.9
Fighting       | |  1.3
Dodging        | |  1.7
Shapeshifting  | |  3.0

Action                     |  1- 3 |  4- 6 || total
---------------------------+-------+-------++-------
  Melee: Unarmed           |    90 |   129 ||   219
         Punch             |     1 |     5 ||     6
    Use: Potion            |       |     3 ||     3
   Stab: Sleeping          |     1 |       ||     1
 Armour: Animal skin       |    23 |    28 ||    51
         Skin              |       |     3 ||     3
  Dodge: Dodged            |    64 |    88 ||   152

Table legend: (Time is in decaauts)
 A = Elapsed time spent in this place.
 B = Non-inter-level travel time spent in this place.
 C = Inter-level travel time spent in this place.
 D = Time resting spent in this place.
 E = Time spent auto-exploring this place.
 F = Levels seen in this place.
 G = Mean time per level.
                   A        B        C        D        E       F      G
               +--------+--------+--------+--------+--------+-----+--------+
         Total |   3872 |   3667 |    205 |    790 |   2205 |   4 |  968.0 |
       Dungeon |   3872 |   3667 |    205 |    790 |   2205 |   4 |  968.0 |
               +--------+--------+--------+--------+--------+-----+--------+

Top non-repeatable levels by time:
     D:3: 1541 daAuts
     D:2: 1187 daAuts
     D:1: 1056 daAuts
     D:4: 87 daAuts
